 Dungeon Crawl Stone Soup version 0.30-a0-779-g7971cf19c3 (webtiles) character file.

Game seed: 6221914408655334687

116 Goldberg the Ruffian (level 4, -2/45 HPs)
             Began as a Troll Monk on Feb 17, 2023.
             Slain by a gnoll
             ... wielding a +0 flail
              (3 damage)
             ... on level 3 of the Dungeon.
             The game lasted 00:05:07 (1659 turns).

Goldberg the Ruffian (Troll Monk)                   Turns: 1659, Time: 00:05:08

Health: -2/45      AC:  4    Str: 19    XL:     4   Next: 70%
Magic:  3/3        EV:  6    Int:  8    God:
Gold:   63         SH:  0    Dex: 16    Spells: 3/3 levels left

rFire   x . .      SeeInvis .    c - +6 rapier of Qem Ceho {elec, rF- Int+2 Dex+2}
rCold   . . .      Faith    .    (no shield)
rNeg    . . .      Spirit   .    a - +0 robe
rPois   .          Reflect  .    (helmet restricted)
rElec   .          Harm     .    (no cloak)
rCorr   +          Rampage  .    (gloves unavailable)
Will    .....                    (boots unavailable)
Stlth   ++                       l - amulet of the acrobat
HPRegen 1.07/turn                m - ring of resist corrosion
MPRegen 0.08/turn                (no ring)

@: held
A: large, unfitting armour, claws 3, regeneration 1, shaggy fur 1, tough skin 1
a: no special abilities


You were on level 3 of the Dungeon.
You visited 1 branch of the dungeon, and saw 3 of its levels.

You collected 63 gold pieces.

Inventory:

Hand Weapons
 c - the +6 rapier of Qem Ceho (weapon) {elec, rF- Int+2 Dex+2}
   (You found it on level 3 of the Dungeon)

   Int:       It affects your intelligence (+2).
   Dex:       It affects your dexterity (+2).
   rF:        It makes you vulnerable to fire.
Armour
 a - a +0 robe (worn)
Jewellery
 l - an amulet of the acrobat (around neck)
 m - a ring of resist corrosion (left claw)
Wands
 e - a wand of polymorph (11)
Scrolls
 d - a scroll of magic mapping
 g - a scroll of vulnerability
 i - a scroll of fear {unknown}
 k - 2 scrolls of teleportation
 n - a scroll of brand weapon {unknown}
 o - 3 scrolls of identify
Potions
 b - a potion of ambrosia
 f - a potion of mutation {unknown}
 h - 2 potions of heal wounds
 j - a potion of brilliance {unknown}
 p - 2 potions of resistance {unknown}


   Skills:
 + Level 3.0 Fighting
 + Level 2.9 Dodging
 + Level 1.3 Stealth
 + Level 4.4 Unarmed Combat


You had 3 spell levels left.
You didn't know any spells.
Your spell library contained the following spells:

 Spells                   Type           Power      Damage    Failure   Level
 Kiss of Death            Conj/Necr      0%         2d5       41%         1
 Confusing Touch          Hex            0%         N/A       78%         3
 Animate Dead             Necr           0%         N/A       99%         4
 Dispel Undead            Necr           0%         3d6       99%         4
 Haunt                    Necr/Summ      0%         N/A       100%        7
 Infestation              Necr           0%         N/A       100%        8


Dungeon Overview and Level Annotations

Branches:
Dungeon (3/15)

Altars:


Innate Abilities, Weirdness & Mutations

You are too large for most types of armour.
You have claws for hands.
Your natural rate of healing is unusually fast.
You are covered in fur. (AC +1)
You have tough skin. (AC +1)


Message History

You puncture the gnoll!
You kill the gnoll!
Things that are here:
a +0 spear; a gnoll corpse A gnoll comes into view.
It is wielding a +0 halberd.
A gnoll comes into view. It is wielding a +0 flail.
The gnoll closely misses you. The gnoll barely misses you.
The gnoll misses you.
You closely miss the gnoll. The gnoll barely misses you.
The gnoll completely misses you.
You puncture the gnoll!
The gnoll is severely wounded.
The gnoll closely misses you. The gnoll barely misses you.
You hit the gnoll.
The gnoll is almost dead.
The gnoll closely misses you. The gnoll hits you with a +0 flail!
You barely miss the gnoll.
The gnoll is almost dead.
The gnoll hits you from afar with a +0 halberd!
The gnoll closely misses you.
You completely miss the gnoll.
The gnoll is almost dead.
The gnoll hits you from afar with a +0 halberd!
The gnoll barely misses you. The gnoll hits you with a +0 flail!
* * * LOW HITPOINT WARNING * * *
The gnoll hits you but does no damage.
You are too injured to fight recklessly!
You are too injured to fight recklessly!
The gnoll throws a throwing net.
The throwing net hits you.
You become entangled in the net!
There is an open door here.
You see here a throwing net.
You struggle against the net.
The gnoll hits you from afar with a +0 halberd!
* * * LOW HITPOINT WARNING * * *
You struggle against the net.
The gnoll hits you from afar with a +0 halberd.
* * * LOW HITPOINT WARNING * * *
The gnoll hits you with a +0 flail.
You die...

.......... #.#.. ...#########
#.#..# ...........# #.#..#
#..........# #.#.#..#
#..........# #.#.#..#
#..........# #.#.#..#
#..........# #.#.#..#
...........# #.#.#..#
...........###.#@#..#######.#
..#########......g..).......#
..#### #..))..g.##########
.....# #............ .....#
#.......####'# .....#
#.......# .....# #.......#
.....# #.......# .....#
#.......#


You could see 2 gnolls.

Vanquished Creatures
  Terence (D:2)
  2 adders (D:2)
  A gnoll (D:3)
  3 worms
  An orc (D:3)
  6 endoplasms
  4 giant cockroaches
  4 goblins
  A hobgoblin (D:3)
  4 jackals (D:2)
  6 kobolds
  2 quokkas (D:2)
  3 ball pythons
  7 bats
  3 frilled lizards
  5 rats
53 creatures vanquished.

Notes
Turn   | Place    | Note
-------+----------+-------------------------------------------
     0 | D:1      | Goldberg the Troll Monk began the quest for the Orb.
     0 | D:1      | Reached XP level 1. HP: 22/22 MP: 0/0
   180 | D:1      | Reached XP level 2. HP: 29/29 MP: 1/1
   712 | D:2      | Noticed Terence
   719 | D:2      | Killed Terence
   720 | D:2      | Reached XP level 3. HP: 28/36 MP: 2/2
  1061 | D:2      | Reached skill level 4 in Unarmed Combat
  1061 | D:2      | Reached XP level 4. HP: 44/44 MP: 3/3
  1439 | D:3      | Identified the +6 rapier of Qem Ceho {elec, rF- Int+2
                  | Dex+2}
  1659 | D:3      | HP: 1/45 [gnoll/+0 halberd (3)]
  1659 | D:3      | Slain by a gnoll

Illustrated notes

Levels and vault maps discovered:
D:1:      ncdulo_smallfort, layout_loops_ring
D:2:      layout_basic, uniq_terence
D:3:      layout_basic

Skill      XL: |  1  2  3  4 |
---------------+-------------+-----
Unarmed Combat | 4 |  4.4
Fighting       | 3 |  3.0
Dodging        | |  2.9
Stealth        | |  1.3

Action                     |  1- 3 |  4- 6 || total
---------------------------+-------+-------++-------
  Melee: Unarmed           |    81 |    27 ||   108
         Rapier            |       |    31 ||    31
    Use: Scroll            |       |     4 ||     4
   Stab: Sleeping          |     2 |     1 ||     3
 Armour: Robe              |    21 |    20 ||    41
  Dodge: Dodged            |    32 |    42 ||    74

Table legend: (Time is in decaauts)
 A = Elapsed time spent in this place.
 B = Non-inter-level travel time spent in this place.
 C = Inter-level travel time spent in this place.
 D = Time resting spent in this place.
 E = Time spent auto-exploring this place.
 F = Levels seen in this place.
 G = Mean time per level.
                   A        B        C        D        E       F      G
               +--------+--------+--------+--------+--------+-----+--------+
         Total |   1656 |   1586 |     70 |      0 |   1007 |   3 |  552.0 |
       Dungeon |   1656 |   1586 |     70 |      0 |   1007 |   3 |  552.0 |
               +--------+--------+--------+--------+--------+-----+--------+

Top non-repeatable levels by time:
     D:2: 744 daAuts
     D:1: 632 daAuts
     D:3: 279 daAuts
